 Dungeon Crawl Stone Soup version 0.21.1-1-g345015f (webtiles) character file.

25 Flooderbenga the Grave Robber (level 3, -9/25 HPs)
             Began as a Gnoll Necromancer on Apr 9, 2018.
             Splashed by Ijyb's acid (12 damage)
             ... on level 3 of the Dungeon.
             The game lasted 00:06:13 (415 turns).

Flooderbenga the Grave Robber (Gnoll Necromancer)    Turns: 415, Time: 00:06:14

Health: -9/25      AC: -1    Str: 10    XL:     3   Next: 6%
Magic:  6/9        EV: 14    Int: 18    God:
Gold:   8          SH:  0    Dex: 15    Spells: 6/11 levels left

rFire    . . .     SeeInvis .   d - +0 dagger
rCold    . . .     Gourm    .   (no shield)
rNeg     . . .     Faith    .   a - +0 robe
rPois    .         Spirit   .   (no helmet)
rElec    .         Reflect  .   (no cloak)
rCorr    .         Harm     .   (no gloves)
MR       .....                  (no boots)
Stlth    +++.......             (no amulet)
HPRegen  1.08/turn              f - ring of flight
MPRegen  0.11/turn              (no ring)

@: corroded, regenerating
A: distributed training, fangs 1, strong nose
a: Evoke Flight


You were on level 3 of the Dungeon.
You were not hungry.

You visited 1 branch of the dungeon, and saw 3 of its levels.

You collected 8 gold pieces.

Inventory:

Hand Weapons
 d - a +0 dagger (weapon)
Missiles
 e - a stone (quivered)
 h - a throwing net {!f}
Armour
 a - a +0 robe (worn)
Jewellery
 f - a ring of flight (left hand)
Scrolls
 g - a scroll of blinking {unknown}
Books
 b - a book of Necromancy

   Spells                             Type                      Level
   a - Pain                           Necromancy                   1
   b - Animate Skeleton               Necromancy                   1
   c - Vampiric Draining              Necromancy                   3
   d - Regeneration                   Charms/Necromancy            3
   e - Animate Dead                   Necromancy                   4
   f - Borgnjor's Vile Clutch         Necromancy/Earth             5
Comestibles
 c - 3 rations


   Skills:
 + Level 0.5 Fighting
 + Level 0.5 Short Blades
 + Level 0.5 Long Blades
 + Level 0.5 Axes
 + Level 0.5 Maces & Flails
 + Level 0.5 Polearms
 + Level 0.5 Staves
 + Level 0.5 Slings
 + Level 0.5 Bows
 + Level 0.5 Crossbows
 + Level 0.5 Throwing
 + Level 0.5 Armour
 + Level 4.5 Dodging
 + Level 4.1 Stealth
 + Level 0.5 Shields
 + Level 0.5 Unarmed Combat
 + Level 4.9 Spellcasting
 + Level 0.4 Conjurations
 + Level 0.4 Hexes
 + Level 0.4 Charms
 + Level 0.4 Summonings
 + Level 7.0 Necromancy
 + Level 0.4 Translocations
 + Level 0.4 Transmutations
 + Level 0.4 Fire Magic
 + Level 0.4 Ice Magic
 + Level 0.4 Air Magic
 + Level 0.4 Earth Magic
 + Level 0.4 Poison Magic
 + Level 0.7 Invocations
 + Level 0.5 Evocations


You had 6 spell levels left.
You knew the following spells:

 Your Spells              Type           Power        Failure   Level  Hunger
a - Pain                  Necr           ####         1%          1    None
b - Animate Skeleton      Necr           N/A          1%          1    None
r - Regeneration          Chrm/Necr      ###.......   9%          3    ###....


Dungeon Overview and Level Annotations

Branches:
Dungeon (3/15)

Altars:

Annotations:
D:3 Ijyb


Innate Abilities, Weirdness & Mutations

Your experience applies equally to all skills.
You have very sharp teeth.
Your uncanny sense of smell can sniff out nearby items.


Message History

You see here a throwing net {!f}.
h - a throwing net {!f}
There is a stone staircase leading down here.
You climb downwards.
There is a stone staircase leading up here.
Your skin crawls.
You regained 2 hp, and now have 17/25 hp.
You now have 6/9 mp.
A kobold and Ijyb come into view.
The helpless kobold fails to defend itself.
You puncture the kobold!
You kill the kobold!
Things that are here:
a blowgun; 12 poisoned needles; a kobold corpse The helpless Ijyb fails to defend herself.
You puncture Ijyb!
Ijyb zaps a wand.
The bolt of acid hits you!
Ouch! That really hurt!
* * * LOW HITPOINT WARNING * * *
The acid corrodes you!
You are splashed with acid!
The acid burns!
You die...

∆
#########
∆#..g@.).#
#.#####.#
#<....#
#######


You could see Ijyb.

Vanquished Creatures
  A dart slug (D:1)
  A goblin (D:1)
  3 hobgoblins
  2 jackals (D:1)
  A quokka (D:2)
  5 bats (D:1)
  A frilled lizard (D:1)
  4 kobolds
  4 rats
22 creatures vanquished.

Notes
Turn   | Place    | Note
-------+----------+-------------------------------------------
     0 | D:1      | Flooderbenga the Gnoll Necromancer began the quest for the Orb.
     0 | D:1      | Reached XP level 1. HP: 13/13 MP: 6/6
   161 | D:1      | Reached XP level 2. HP: 16/19 MP: 3/7
   191 | D:1      | Learned a level 1 spell: Animate Skeleton
   341 | D:2      | Reached XP level 3. HP: 11/25 MP: 5/9
   346 | D:2      | Learned a level 3 spell: Regeneration
   410 | D:3      | Noticed Ijyb
   415 | D:3      | Splashed by Ijyb's acid

Action                   || total
-------------------------++-------
Melee: Dagger            ||    13
       Bite              ||     2
 Cast: Pain              ||    25
       Regeneration      ||     1
 Stab: Sleeping          ||     5
Armor: Robe              ||     2
Dodge: Dodged            ||     6
